 Dungeon Sprint DCSS version 0.31-a0-43-g46d131a48f (webtiles) character file.

Game seed: 11106403473852089441

77490 rocky1 the Ruinous (level 15, -6/89 HPs)
             Began as a Deep Elf Earth Elementalist on May 16, 2023.
             Was the Champion of Sif Muna.
             Killed from afar by a war gargoyle (49 damage)
             ... with a spray of metal splinters
             ... in the Dungeon (Sprint VII: "The Pits") on May 18, 2023.
             The game lasted 00:50:35 (6952 turns).

rocky1 the Ruinous (Deep Elf Earth Elementalist)    Turns: 6952, Time: 00:50:36

Health: -6/89      AC: 11    Str:  9    XL:     15   Next: 15%
Magic:  7/50       EV: 19    Int: 28    God:    Sif Muna [******]
Gold:   81         SH:  0    Dex: 14    Spells: 17/55 levels left

rFire   + . .        x - +3 flail of Dithmenos's Approval {heavy, Fly MP+9}
rCold   + . .        (no shield)
rNeg    + + +        s - +1 steam dragon scales
rPois   +            (no helmet)
rElec   +            j - +1 cloak {Stlth+}
rCorr   .            (no gloves)
SInv    .            u - +1 pair of boots {Fly}
Will    +....        M - amulet of Kuco Keg {RegenMP rF- rC++ rN++}
Stlth   ++++++       p - ring of Tacw {Wiz rF+ rN+ Str+4 Dex-5}
HPRegen 0.34/turn    y - ring of Puylu {rElec rPois rF+ rC- Dex+4}
MPRegen 0.72/turn

%: no teleportation, wizardry (x1)
@: flying, studying 2 skills, invisible
A: no striking features
a: Renounce Religion, Channel Magic, Forget Spell, Divine Exegesis


You were in the Dungeon.
You worshipped Sif Muna.
Sif Muna was exalted by your worship.
You visited 1 branch You collected 81 gold pieces.

Inventory:

Hand Weapons
 x - the +3 flail of Dithmenos's Approval (weapon) {heavy, Fly MP+9}
   (You found it in the Dungeon)

   MP:        It affects your magic capacity (+9).
   Fly:       It grants you flight.
Armour
 j - a +1 cloak of stealth (worn)
 s - +1 steam dragon scales (worn)
 u - a +1 pair of boots of flying (worn)
Jewellery
 p - the ring of Tacw (left hand) {Wiz rF+ rN+ Str+4 Dex-5}
   (You found it in the Dungeon)

   [ring of wizardry]

   It improves your spell success rate.
   Str:       It affects your strength (+4).
   Dex:       It affects your dexterity (-5).
   rF:        It protects you from fire.
   rN:        It protects you from negative energy.
 y - the ring of Puylu (right hand) {rElec rPois rF+ rC- Dex+4}
   (You found it in the Dungeon)

   [ring of protection from fire]

   Dex:       It affects your dexterity (+4).
   rF:        It protects you from fire.
   rC:        It makes you vulnerable to cold.
   rElec:     It insulates you from electricity.
   rPois:     It protects you from poison.
 G - the amulet of Jussol {+Blink Regen+ Dex-4 SInv}
   (You found it in the Dungeon)

   [amulet of regeneration]

   Dex:       It affects your dexterity (-4).
   SInv:      It lets you see invisible.
   +Blink:    It lets you blink.
   Regen:     It increases your rate of health regeneration.
 M - the amulet of Kuco Keg (around neck) {RegenMP rF- rC++ rN++}
   (You found it in the Dungeon)

   [amulet of magic regeneration]

   It increases your rate of magic regeneration.
   rF:        It makes you vulnerable to fire.
   rC:        It greatly protects you from cold.
   rN:        It greatly protects you from negative energy.
Wands
 a - a wand of polymorph (2)
Scrolls
 i - 4 scrolls of amnesia
 v - 2 scrolls of enchant weapon
 w - 2 scrolls of fog
Potions
 b - 8 potions of magic
 c - 2 potions of curing
 d - 4 potions of heal wounds
 e - 4 potions of haste
 n - 2 potions of brilliance
 B - 3 potions of mutation


   Skills:
 + Level 8.7 Fighting
 - Level 6.0 Armour
 + Level 13.8 Dodging
 - Level 11.0 Stealth
 * Level 20.6 Spellcasting
 * Level 21.9 Conjurations
 + Level 16.6 Summonings
 - Level 11.3 Transmutations
 * Level 14.7 Fire Magic
 * Level 12.7 Air Magic
 - Level 20.0 Earth Magic
 - Level 11.3 Invocations


You had 17 spell levels left.
You knew the following spells:

 Your Spells              Type           Power      Damage    Failure   Level
a - Plasma Beam           Fire/Air       40%        2x1d59    1%          6
b - Stone Arrow           Conj/Erth      100%       3d13      0%          3
c - Petrify               Tmut/Erth      86%        N/A       0%          4
d - Lee's Rapid Deconstr  Erth           48%        3d23*     0%          5
e - Iron Shot             Conj/Erth      49%        9d9       1%          6
f - Spellforged Servitor  Conj/Summ      47%        N/A       1%          7
g - Orb of Destruction    Conj           50%        9d13      1%          7

Your spell library contained the following spells:

 Spells                   Type           Power      Damage    Failure   Level
 Beastly Appendage        Tmut           100%       N/A       0%          1
 Foxfire                  Conj/Fire      100%       2x1d9     0%          1
 Kiss of Death            Conj/Necr      100%       2d13      0%          1
 Magic Dart               Conj           100%       1d8       0%          1
 Sandblast                Erth           100%       2d20      0%          1
 Shock                    Conj/Air       100%       1d9       0%          1
 Summon Small Mammal      Summ           100%       N/A       0%          1
 Call Imp                 Summ           100%       N/A       0%          2
 Momentum Strike          Conj/Tloc      100%       3d10      0%          2
 Passwall                 Tmut/Erth      71%        N/A       0%          2
 Scorch                   Fire           100%       2d9       0%          2
 Searing Ray              Conj           100%       2d8       0%          2
 Static Discharge         Conj/Air       100%       2-7/arc   0%          2
 Wereblood                Tmut           75%        N/A       0%          2
 Call Canine Familiar     Summ           89%        N/A       0%          3
 Animate Armour           Summ/Erth      100%       N/A       0%          4
 Flame Wave               Conj/Fire      92%        2d19      0%          4
 Sticky Flame             Conj/Fire      92%        2d10      0%          4
 Fireball                 Conj/Fire      46%        3d18      0%          5
 Iskenderun's Battlesphe  Conj           100%       2d15      0%          5
 Necrotise                Necr           100%       1d9       1%          1
 Sting                    Tmut/Pois      100%       1d8       1%          1
 Cigotuvi's Dreadful Rot  Necr/Pois/Air  100%       N/A       1%          2
 Ensorcelled Hibernation  Hex/Ice        56%        N/A       1%          2
 Poisonous Vapours        Pois/Air       100%       N/A       1%          2
 Dazzling Flash           Conj/Hex       100%       N/A       1%          3
 Ignite Poison            Fire/Tmut/Pois 67%        N/A       1%          3
 Inner Flame              Hex/Fire       63%        N/A       1%          3
 Mephitic Cloud           Conj/Pois/Air  76%        N/A       1%          3
 Ozocubu's Armour         Ice            28%        N/A       1%          3
 Spider Form              Tmut/Pois      57%        N/A       1%          3
 Summon Guardian Golem    Hex/Summ       66%        N/A       1%          3
 Tukima's Dance           Hex            28%        N/A       1%          3
 Vampiric Draining        Necr           28%        2d8       1%          3
 Vhi's Electric Charge    Tloc/Air       100%       N/A       1%          3
 Volatile Blastmotes      Fire/Tloc      100%       2d18      1%          3
 Airstrike                Air            39%        2d(6-22)  1%          4
 Fulminant Prism          Conj/Hex       37%        3d17      1%          4
 Ice Form                 Ice/Tmut       57%        N/A       1%          4
 Iskenderun's Mystic Bla  Conj/Tloc      74%        2d15      1%          4
 Leda's Liquefaction      Hex/Erth       35%        N/A       1%          4
 Summon Ice Beast         Ice/Summ       66%        N/A       1%          4
 Summon Lightning Spire   Summ/Air       84%        N/A       1%          4
 Alistair's Intoxication  Tmut/Pois      38%        N/A       1%          5
 Arcjolt                  Conj/Air       45%        1d55      1%          5
 Blade Hands              Tmut           37%        N/A       1%          5
 Borgnjor's Vile Clutch   Necr/Erth      35%        N/A       1%          5
 Freezing Cloud           Conj/Ice/Air   38%        6-21      1%          5
 Irradiate                Conj/Tmut      44%        3d26      1%          5
 Silence                  Hex/Air        29%        N/A       1%          5
 Summon Forest            Summ/Tloc      33%        N/A       1%          5
 Summon Mana Viper        Hex/Summ       66%        N/A       1%          5
 Yara's Violent Unravell  Hex/Tmut       28%        3d12      1%          5
 Conjure Ball Lightning   Conj/Air       45%        3x3d16    1%          6
 Starburst                Conj/Fire      46%        6d13      1%          6
 Statue Form              Tmut/Erth      57%        N/A       1%          6
 Summon Cactus Giant      Summ           44%        N/A       1%          6
 Monstrous Menagerie      Summ           44%        N/A       1%          7
 Summon Hydra             Summ           44%        N/A       1%          7
 Lehudib's Crystal Spear  Conj/Erth      49%        10d12     1%          8
 Storm Form               Tmut/Air       38%        N/A       3%          7
 Summon Horrible Things   Summ           44%        N/A       4%          8
 Anguish                  Hex/Necr       14%        N/A       6%          4
 Cause Fear               Hex            14%        N/A       6%          4
 Dispel Undead            Necr           28%        3d13      6%          4
 Olgreb's Toxic Radiance  Pois           28%        N/A       6%          4
 Passage of Golubria      Tloc           28%        N/A       6%          4
 Eringya's Noxious Bog    Tmut/Pois      28%        N/A       9%          6
 Ignition                 Fire           42%        3d12      9%          8
 Agony                    Necr           28%        N/A       16%         5
 Metabolic Englaciation   Hex/Ice        14%        N/A       16%         5
 Haunt                    Necr/Summ      33%        N/A       16%         7
 Malign Gateway           Summ/Tloc      33%        N/A       16%         7
 Shatter                  Erth           48%        3d37*     16%         9
 Maxwell's Capacitive Co  Air            39%        ∞         19%         8
 Fire Storm               Conj/Fire      46%        8d12      28%         9
 Chain Lightning          Conj/Air       45%        3d60      41%         9
 Dragon's Call            Summ           44%        N/A       50%         9
 Simulacrum               Ice/Necr       14%        N/A       61%         6
 Necromutation            Tmut/Necr      28%        N/A       96%         8
 Enfeeble                 Hex            14%        N/A       98%         7
 Ozocubu's Refrigeration  Ice            14%        4d10      98%         7
 Discord                  Hex            14%        N/A       100%        8
 Disjunction              Tloc           14%        N/A       100%        8
 Infestation              Necr           14%        N/A       100%        8
 Death's Door             Necr           14%        N/A       100%        9
 Polar Vortex             Ice            14%        N/A       100%        9


Dungeon Overview and Level Annotations

Branches:
Dungeon (1/1)

Altars:
Ashenzari
Cheibriados
Dithmenos
Elyvilon
Fedhas
Gozag
Hepliaklqana
Kikubaaqudgha
Makhleb
Nemelex Xobeh
Okawaru
Qazlal
Ru
Sif Muna
Trog
Uskayaw
Vehumet
Wu Jian
Xom
Yredelemnul
Zin
The Shining One
Jiyva
Lugonu


Message History

The orc hits your fire vortex with a +0 trident!
An orc warrior comes into view. It is wielding a +0 halberd.
The yellow draconian annihilator is engulfed in blazing flames.
You kill the yellow draconian annihilator!
Sif Muna accepts your kill.
The orc warlord is engulfed in blazing flames.
Unknown command.
You feel much better.
The war gargoyle is engulfed in blazing flames.
Your fire vortex hits the war gargoyle.
Your fire vortex burns the war gargoyle!
The war gargoyle resists.
Your fire vortex dissipates!
Your fire vortex barely misses the orc warrior.
The war gargoyle is engulfed in blazing flames.
The war gargoyle launches metal splinters at you.
The spray of metal splinters misses you.
The fire giant is engulfed in blazing flames.
The orc hits your fire vortex with a +0 trident.
The orc warlord is engulfed in blazing flames.
The orc warlord hits your fire vortex with a +0 broad axe!
The orc warrior hits your fire vortex with a +0 halberd!
Aiming: Iron Shot (safe; 1% risk of failure)
Press: ? - help, Q - select action, (/) - cycle Shift-Dir - straight line, f - orc warlord
Aim: an orc warlord, wielding a +0 broad axe and wearing a +0 plate armour (flame, severely wounded, unable to see you, 87% to hit)
Really fire in your fire vortex's direction?
Okay, then.
Unknown command.
Unknown command.
Aiming: Iron Shot (safe; 1% risk of failure)
Press: ? - help, Q - select action, (/) - cycle Shift-Dir - straight line, p - orc warlord The iron shot hits the fire giant!!!
The fire giant is almost dead.
The orc shouts!
The war gargoyle launches metal splinters at you.
The spray of metal splinters hits your fire vortex!!!
Your fire vortex dissipates!
The spray of metal splinters hits you!!!
Ouch! That really hurt!
You die...

***** ***************** *
*******################### ****
*,,,,,,.)#.,..#...#......# ***,,,
,,,*,,*...........#......#**,,,,,
,,,,,,,,)...,.....#......#*,,,,,,
*,,*,,*,,#...,#...#......**,,,,,,
*,,,,,,..##.○##...##)).###*,,,,,,
,*,,,,,.#o|○☼9○#.#..#.#..#**,,,,,
,,*****#)o°vo○C†@...)....# ***,,,
,*,,,,,.#v°○°°○#.#..#)#.)# **++
*,,,,,,..##☼°##...##..)########++
*,,*,,*,,#...,#...#....).##......
,,,,,,,,....,.....#.....)##......
,,,*,,*..v........#.....[''[.#...
*,,,,,,..#.,..#...#.....)'').....
*******####################[.....
****#######################..#[..


You could see an orc warlord (unable to see you), a fire giant, a war gargoyle
(catching breath), an orc warrior (unable to see you), an orc (wandering,
strong, unable to see you, ally target) and 2 friendly fire vortices.

Vanquished Creatures
  A lich (D)
  A titan (D)
  A deep elf blademaster (D)
  A storm dragon (D)
  A nagaraja (D)
  A frost giant (D)
  A draconian knight (D)
  An emperor scorpion (D)
  A draconian scorcher (D)
  2 ghost moths (D)
  3 draconian annihilators (D)
  A draconian shifter (D)
  3 orc warlords (D)
  A white draconian (D)
  A black draconian (D)
  2 deep elf annihilators (D)
  A vampire knight (D)
  A yellow draconian (D)
  An eidolon (D)
  A deep elf death mage (D)
  A mummy priest (D)
  A deep elf high priest (D)
  A rakshasa (D)
  A vault guard (D)
  An ice dragon (D)
  3 ogre magi (D)
  A death knight (D)
  2 catoblepae (D)
  A two-headed ogre (D)
  A dancing weapon (D)
  4 naga warriors (D)
  An alligator (D)
  A death yak (D)
  3 vampire magi (D)
  A fire crab (D)
  A sun demon (D)
  2 deep elf knights (D)
  An iron troll (D)
  2 bog bodies (D)
  A deep troll (D)
  A spriggan druid (D)
  2 swamp dragons (D)
  A sea snake (D)
  12 orc knights (D)
  A deep elf pyromancer (D)
  2 orc sorcerers (D)
  A cyclops (D)
  2 wolf spiders (D)
  4 slime creatures (D)
  A rust devil (D)
  2 eyes of devastation (D)
  3 naga magi (D)
  A cane toad (D)
  3 unseen horrors (D)
  An orange demon (D)
  Psyche (D)
  An efreet (D)
  A yaktaur (D)
  A komodo dragon (D)
  2 ice devils (D)
  3 merfolk (D)
  3 tyrant leeches (D)
  A tarantella (D)
  A troll (D)
  4 hornets (D)
  A ynoxinul (D)
  2 shadows (D)
  A wyvern (D)
  An air elemental (D)
  A human (shapeshifter) (D)
  2 fire bats (D)
  3 chaos spawn (D)
  2 steam dragons (D)
  9 yaks (D)
  A warg (D)
  4 nagas (D)
  An acid dragon (D)
  4 hell hounds (D)
  A floating eye (D)
  10 orc warriors (D)
  An ogre (D)
  A wolf (D)
  A phantom (D)
  2 kobold brigands (D)
  A bullfrog (D)
  An earth elemental (D)
  Crazy Yiuf (D)
  2 hounds (D)
  4 orc priests (D)
  2 iguanas (D)
  5 orc wizards (D)
  An adder (D)
  A gnoll (D)
  2 white imps (D)
  2 ufetubi (D)
  An adder skeleton (D)
  A worm (D)
  2 adder simulacra (D)
  6 orcs (D)
  A bat zombie (D)
  A giant cockroach (D)
  A hobgoblin (D)
  A quokka (D)
  A bat (D)
  A goblin (D)
  A kobold (D)
  A quokka zombie (D)
  A rat (D)
200 creatures vanquished.

Vanquished Creatures (collateral kills)
  An ancient lich (D)
  A daeva (D)
  A draconian stormcaller (D)
  A red draconian (D)
  A yaktaur captain (D)
  A merfolk javelineer (D)
  A deep elf death mage (D)
  An ogre mage (D)
  2 two-headed ogres (D)
  A vampire mage (D)
  A shock serpent (shapeshifter) (D)
  An iron troll (D)
  A sea snake (D)
  A spriggan druid (D)
  A wolf spider (D)
  A manticore (D)
  An elephant (D)
  A gargoyle (D)
  An ice devil (D)
  A wind drake (shapeshifter) (D)
  A merfolk (D)
  A jumping spider (D)
  A ynoxinul (D)
  A yak (D)
  3 wolves (D)
  An ogre (D)
  A mummy (D)
  A quokka zombie (D)
31 creatures vanquished.

Vanquished Creatures (others)
  A hellwing (D)
  4 fire vortices (D)
5 creatures vanquished.

Grand Total: 236 creatures vanquished

Notes
Turn   | Place    | Note
-------+----------+-------------------------------------------
     0 | D        | rocky1 the Deep Elf Earth Elementalist began the quest for
                  | the Orb.
     0 | D        | Reached XP level 1. HP: 10/10 MP: 6/6
    27 | D        | Reached skill level 1 in Conjurations
   148 | D        | Found a bloodstained altar of Trog.
   148 | D        | Found a shimmering blue altar of Sif Muna.
   148 | D        | Found a viscous altar of Jiyva.
   148 | D        | Found a hazy altar of Hepliaklqana.
   148 | D        | Found an opulent altar of Gozag.
   149 | D        | Found a glowing golden altar of the Shining One.
   149 | D        | Found a glowing silver altar of Zin.
   149 | D        | Found a basalt altar of Yredelemnul.
   149 | D        | Found a shimmering altar of Xom.
   149 | D        | Found an ornate altar of the Wu Jian Council.
   149 | D        | Found a sacrificial altar of Ru.
   149 | D        | Found a stormy altar of Qazlal.
   149 | D        | Found an iron altar of Okawaru.
   149 | D        | Found a sparkling altar of Nemelex Xobeh.
   149 | D        | Found a burning altar of Makhleb.
   149 | D        | Found a blossoming altar of Fedhas.
   149 | D        | Found a white marble altar of Elyvilon.
   149 | D        | Found a shadowy altar of Dithmenos.
   149 | D        | Found a snail-covered altar of Cheibriados.
   152 | D        | Found a corrupted altar of Lugonu.
   152 | D        | Found a radiant altar of Vehumet.
   153 | D        | Found an ancient bone altar of Kikubaaqudgha.
   153 | D        | Found a hide-covered altar of Uskayaw.
   153 | D        | Found a broken altar of Ashenzari.
   154 | D        | Became a worshipper of Sif Muna the Loreminder
   229 | D        | Reached * piety under Sif Muna
   232 | D        | Reached skill level 2 in Conjurations
   232 | D        | Reached skill level 1 in Invocations
   232 | D        | Reached XP level 2. HP: 8/15 MP: 2/8
   396 | D        | Reached ** piety under Sif Muna
   397 | D        | Reached skill level 3 in Conjurations
   397 | D        | Reached XP level 3. HP: 19/19 MP: 3/10
   552 | D        | Learned a level 3 spell: Stone Arrow
   554 | D        | Reached skill level 5 in Earth Magic
   742 | D        | Noticed an orc warrior
   742 | D        | Noticed a kobold brigand
   746 | D        | Reached skill level 4 in Conjurations
   746 | D        | Reached XP level 4. HP: 7/24 MP: 7/12
   750 | D        | Killed an orc warrior
   750 | D        | Reached *** piety under Sif Muna
   751 | D        | Reached skill level 6 in Conjurations
   751 | D        | Reached XP level 5. HP: 28/28 MP: 2/15
   760 | D        | Reached skill level 7 in Conjurations
   760 | D        | Reached skill level 5 in Transmutations
   760 | D        | Reached XP level 6. HP: 7/32 MP: 4/17
   837 | D        | Reached **** piety under Sif Muna
   838 | D        | Reached skill level 5 in Invocations
   867 | D        | Noticed a fire bat
   874 | D        | Killed a fire bat
   875 | D        | Reached skill level 8 in Conjurations
  1118 | D        | Learned a level 4 spell: Petrify
  1120 | D        | Noticed an orc warrior
  1124 | D        | Killed an orc warrior
  1125 | D        | Reached XP level 7. HP: 18/36 MP: 6/20
  1308 | D        | Reached skill level 9 in Conjurations
  1447 | D        | Reached ***** piety under Sif Muna
  1448 | D        | Received a gift from Sif Muna
  1450 | D        | Reached skill level 10 in Earth Magic
  1450 | D        | Got Sif Muna's Parchment of Assembled Tephra {god gift}
  1570 | D        | Learned a level 5 spell: Lee's Rapid Deconstruction
  1577 | D        | Learned a level 6 spell: Iron Shot
  1577 | D        | Noticed a hornet
  1577 | D        | Noticed a yak
  1577 | D        | Noticed a yak
  1577 | D        | Noticed a yak
  1577 | D        | Noticed a yak
  1577 | D        | Noticed a yak
  1580 | D        | Killed a hornet
  1580 | D        | Killed a yak
  1581 | D        | Reached skill level 10 in Conjurations
  1581 | D        | Reached XP level 8. HP: 41/41 MP: 16/23
  1584 | D        | Reached skill level 11 in Conjurations
  1817 | D        | Noticed a hornet
  1819 | D        | Received a gift from Sif Muna
  1820 | D        | Killed a hornet
  1821 | D        | Reached skill level 10 in Spellcasting
  2004 | D        | Learned a level 7 spell: Spellforged Servitor
  2011 | D        | Got Xeohexzu's Compilation of the Mercurial Pyromaniac {god
                  | gift}
  2127 | D        | Noticed a bog body
  2130 | D        | Killed a bog body
  2131 | D        | Reached skill level 12 in Conjurations
  2131 | D        | Reached skill level 5 in Summonings
  2131 | D        | Reached XP level 9. HP: 28/45 MP: 9/25
  2133 | D        | Killed an unseen horror
  2397 | D        | Killed an unseen horror
  2614 | D        | Noticed a tyrant leech
  2614 | D        | Noticed a cyclops
  2725 | D        | Killed a cyclops
  2726 | D        | Reached skill level 13 in Conjurations
  2739 | D        | Received a gift from Sif Muna
  2742 | D        | Killed a tyrant leech
  2743 | D        | Got Sif Muna's Almanac of the Conjured Charnel House {god
                  | gift}
  2957 | D        | Noticed a swamp dragon
  2957 | D        | Noticed an orc knight
  2957 | D        | Noticed a sea snake
  2957 | D        | Noticed a troll
  2958 | D        | Noticed a yaktaur
  2959 | D        | Killed a sea snake
  2960 | D        | Reached XP level 10. HP: 50/50 MP: 16/27
  2962 | D        | HP: 2/50 [yaktaur/bolt (17)]
  2972 | D        | Killed an orc knight
  2973 | D        | Reached skill level 14 in Conjurations
  2973 | D        | Reached skill level 10 in Transmutations
  2973 | D        | Reached skill level 10 in Invocations
  2981 | D        | Received a gift from Sif Muna
  2983 | D        | Got Nesa Empoh's Vellum of a Billion Suns {god gift}
  3078 | D        | Noticed Crazy Yiuf
  3083 | D        | Killed Crazy Yiuf
  3093 | D        | Reached skill level 15 in Earth Magic
  3230 | D        | Killed a swamp dragon
  3443 | D        | Noticed a deep elf pyromancer
  3449 | D        | Received a gift from Sif Muna
  3449 | D        | Reached ****** piety under Sif Muna
  3450 | D        | Reached skill level 15 in Conjurations
  3450 | D        | Got Sif Muna's Sophisticated Witchcraft {god gift}
  3451 | D        | Noticed a deep troll
  3454 | D        | Upgraded the game from 0.31-a0-37-g98a128e1d9 to
                  | 0.31-a0-43-g46d131a48f
  3454 | D        | Killed a deep troll
  3454 | D        | Killed a deep elf pyromancer
  3455 | D        | Reached XP level 11. HP: 54/54 MP: 14/30
  3456 | D        | Noticed a death yak
  3457 | D        | Noticed a vampire mage
  3461 | D        | Killed a death yak
  3463 | D        | Killed a vampire mage
  3467 | D        | Received a gift from Sif Muna
  3472 | D        | Got Sif Muna's Directory of the Missiles {god gift}
  3658 | D        | Reached skill level 1 in Fighting
  3757 | D        | Noticed Psyche
  3759 | D        | Killed Psyche
  3760 | D        | Reached skill level 16 in Conjurations
  3775 | D        | Noticed a bog body
  3777 | D        | Killed a bog body
  3778 | D        | Reached skill level 10 in Summonings
  4013 | D        | Noticed a wolf spider
  4014 | D        | Killed a wolf spider
  4014 | D        | Received a gift from Sif Muna
  4075 | D        | Got Sif Muna's Precepts of Intoxicating Causimancy {god
                  | gift}
  4090 | D        | Noticed a merfolk javelineer
  4093 | D        | Killed a merfolk javelineer
  4094 | D        | Reached skill level 5 in Stealth
  4094 | D        | Reached skill level 1 in Fire Magic
  4094 | D        | Reached skill level 1 in Air Magic
  4101 | D        | Reached skill level 5 in Dodging
  4237 | D        | Received a gift from Sif Muna
  4244 | D        | Got Sif Muna's Disquisition on Tephra {god gift}
  4319 | D        | Noticed a spriggan druid
  4321 | D        | Received a gift from Sif Muna
  4322 | D        | Killed a spriggan druid
  4323 | D        | Reached XP level 12. HP: 43/64 MP: 16/32
  4457 | D        | Got Sif Muna's Tome of Excruciating Cinders {god gift}
  4754 | D        | Noticed a yaktaur captain
  4755 | D        | Noticed a nagaraja
  4757 | D        | Received a gift from Sif Muna
  4758 | D        | Reached skill level 17 in Conjurations
  4764 | D        | Killed a ghost moth
  4764 | D        | Killed a nagaraja
  4766 | D        | Killed an ogre mage
  4767 | D        | Reached skill level 15 in Spellcasting
  4767 | D        | Noticed a two-headed ogre
  4772 | D        | Killed a two-headed ogre
  4772 | D        | Received a gift from Sif Muna
  4776 | D        | Killed a yaktaur captain
  4777 | D        | Noticed a two-headed ogre
  4779 | D        | Killed a two-headed ogre
  4780 | D        | Noticed a two-headed ogre
  4782 | D        | Killed a two-headed ogre
  4783 | D        | Reached skill level 5 in Fire Magic
  4785 | D        | Noticed a catoblepas
  4786 | D        | Received a gift from Sif Muna
  4788 | D        | Killed a catoblepas
  4800 | D        | Reached skill level 18 in Conjurations
  4800 | D        | Reached skill level 5 in Air Magic
  4805 | D        | Noticed a vampire mage
  4806 | D        | Received a gift from Sif Muna
  4807 | D        | Reached skill level 5 in Fighting
  4809 | D        | Killed a vampire mage
  4816 | D        | Got Siotupp's Cyclopedia of the Blinking Rocks {god gift}
  4929 | D        | Got Sif Muna's Folio of the Burn and Austromancy {god gift}
  4929 | D        | Got Sif Muna's Quarto of the Gusty Band {god gift}
  5027 | D        | Noticed a vampire knight
  5036 | D        | Killed a vampire knight
  5037 | D        | Reached XP level 13. HP: 72/72 MP: 18/34
  5059 | D        | Received a gift from Sif Muna
  5074 | D        | Noticed an orc warlord
  5078 | D        | Killed an orc warlord
  5080 | D        | Noticed an orc warlord
  5083 | D        | Received a gift from Sif Muna
  5092 | D        | Killed an orc warlord
  5098 | D        | HP: 2/74 [orc knight/+0 war axe (29)]
  5105 | D        | Reached skill level 19 in Conjurations
  5107 | D        | Reached skill level 10 in Stealth
  5222 | D        | Got Sif Muna's Enchiridion on Silt {god gift}
  5255 | D        | Got Sif Muna's Vademecum on the Geometric Missiles {god
                  | gift}
  5283 | D        | Received a gift from Sif Muna
  5284 | D        | Got Sif Muna's Secrets of the Icy Fault {god gift}
  5525 | D        | Got the +1 helmet of the Dungeon {-Cast rPois Will+++
                  | Str-2}
  5604 | D        | Got the +3 flail of Dithmenos's Approval {heavy, Fly MP+9}
  5839 | D        | Learned a level 6 spell: Plasma Beam
  5847 | D        | Learned a level 7 spell: Orb of Destruction
  5868 | D        | Reached skill level 10 in Dodging
  5868 | D        | Reached skill level 15 in Summonings
  5868 | D        | Noticed a daeva
  5868 | D        | Noticed a red draconian scorcher
  5871 | D        | Killed a red draconian scorcher
  5872 | D        | Killed a daeva
  5875 | D        | Noticed a deep elf annihilator
  5876 | D        | Noticed a yellow draconian annihilator
  5877 | D        | Killed a deep elf annihilator
  5877 | D        | Received a gift from Sif Muna
  5878 | D        | Killed a yellow draconian annihilator
  5878 | D        | Noticed a lich
  5879 | D        | Reached skill level 1 in Armour
  5880 | D        | Killed a lich
  5881 | D        | Reached XP level 14. HP: 65/82 MP: 20/37
  5883 | D        | Noticed a black draconian knight
  5883 | D        | Killed a yellow draconian annihilator
  5885 | D        | Reached skill level 10 in Fire Magic
  5889 | D        | Killed a black draconian knight
  5890 | D        | Reached skill level 20 in Conjurations
  5894 | D        | Noticed an ancient lich
  5899 | D        | Killed an ancient lich
  5899 | D        | Received a gift from Sif Muna
  5900 | D        | Reached skill level 10 in Air Magic
  5900 | D        | Got Sif Muna's Dissertation on the Cankerous Oath {god
                  | gift}
  6104 | D        | Noticed a purple draconian shifter
  6106 | D        | Noticed a white draconian stormcaller
  6116 | D        | Killed a white draconian stormcaller
  6116 | D        | Received a gift from Sif Muna
  6120 | D        | Killed a purple draconian shifter
  6165 | D        | Got Hageur's Commentary on Putrid Evil Arts {god gift}
  6279 | D        | Got Spellcraft, Part One
  6304 | D        | Got the Vellum of Mezcal
  6315 | D        | Got the Opusculum on Airy Cadavers
  6346 | D        | Got the ring "Bewkiega" {rC+++ rN+ Will- Int-2 Dex+5}
  6348 | D        | Got the ring of Xajuweemp {rF+ rC+ Int+3 Dex-5}
  6350 | D        | Got the ring of Wadoesse {Will+ Int+6}
  6352 | D        | Got the ring of Systrewov {EV+6 SInv}
  6354 | D        | Got the ring of the Real Monster {rF- rN+ Int+6 Dex+2}
  6357 | D        | Got the ring of Yrihy {rC+ EV+6 Str+2}
  6359 | D        | Got the ring "Naokk" {Int+6 Dex+3}
  6361 | D        | Got the ring of Tacw {Wiz rF+ rN+ Str+4 Dex-5}
  6363 | D        | Got the ring "Ikhlah" {Fly rPois Will+ Str-3}
  6365 | D        | Got the ring of Cidac {Fire Str+3 Int+3 Dex-3}
  6367 | D        | Got the ring "Voxtayhi" {rF+ rC+ EV+6}
  6370 | D        | Got the ring of Puylu {rElec rPois rF+ rC- Dex+4}
  6374 | D        | Got the ring of the Crown {rPois Str+5}
  6390 | D        | Got the ring of the Heavens {rC+ rN++ MP-9 Int+5}
  6392 | D        | Got the ring of Keofowiu {Fire rElec}
  6394 | D        | Got the ring of the Cockatrice {rC+ rCorr Dex+3}
  6396 | D        | Got the ring of Hytotaohiw {rElec Int+6 Dex-3 Slay+2 SInv}
  6399 | D        | Got the amulet of Tyleutz {Acrobat Drain rCorr Str+8 Int-4}
  6402 | D        | Got the amulet of Jussol {+Blink Regen+ Dex-4 SInv}
  6404 | D        | Got the ring "Tiujysiq" {Will- Str+3 Int+6 Dex+3 SInv}
  6406 | D        | Got the ring "Dohiek" {rN+ Slay+5}
  6408 | D        | Got the amulet of Hamihita {Reflect rC+ SH+5}
  6411 | D        | Got the amulet "Obinekaz" {Spirit +Inv Fly Dex-2}
  6413 | D        | Got the amulet of Rysk {Spirit -Tele Str-3 Int+5 Dex+2}
  6415 | D        | Got the amulet of Kuco Keg {RegenMP rF- rC++ rN++}
  6418 | D        | Got the ring "Meireb" {rN+ Will+ Str+4}
  6420 | D        | Got the amulet "Vosmiedi" {Reflect Int+6 SH+5}
  6559 | D        | Received a gift from Sif Muna
  6559 | D        | Noticed an orc warlord
  6566 | D        | Killed an orc warlord
  6569 | D        | Reached skill level 5 in Armour
  6576 | D        | Killed a ghost moth
  6576 | D        | Received a gift from Sif Muna
  6577 | D        | Noticed a deep elf blademaster
  6579 | D        | Noticed a storm dragon
  6580 | D        | Reached skill level 21 in Conjurations
  6580 | D        | Noticed an emperor scorpion
  6581 | D        | Received a gift from Sif Muna
  6585 | D        | Killed a deep elf blademaster
  6599 | D        | Killed a storm dragon
  6602 | D        | Killed an emperor scorpion
  6609 | D        | Received a gift from Sif Muna
  6611 | D        | Got Sif Muna's Parchment of the Mountains and Formation
                  | {god gift}
  6619 | D        | Got Sif Muna's Spellbook of Blasted Lamentation {god gift}
  6620 | D        | Got Xekhlahapn's Codex of Red Bewitchment {god gift}
  6868 | D        | Identified the ring of Fiylaq {Ice rN+ Str+5 Dex+4}
  6871 | D        | Reached XP level 15. HP: 89/89 MP: 28/41
  6929 | D        | Noticed a frost giant
  6935 | D        | Received a gift from Sif Muna
  6939 | D        | Killed a frost giant
  6942 | D        | Noticed a fire giant
  6943 | D        | Noticed a titan
  6949 | D        | Killed a titan
  6950 | D        | Received a gift from Sif Muna
  6952 | D        | Killed from afar by a war gargoyle

Illustrated notes

Levels and vault maps discovered:
D:        pitsprint [storerooms_1, entrance_room_1, metal_vault_2, armoury_1,
          mini_pit_1, grid_room_1, main_hall_1, silver_pit, the_coven_1,
          the_vestibule_1, steel_vault_4, golden_pit, hallway_of_sentries,
          crystal_vault_6, iron_vault_4, final_vault]

Skill      XL: |  1  2  3  4  5  6  7  8  9 10 11 12 13 14 |
---------------+-------------------------------------------+-----
Conjurations   | 2 3 4 6 7 8 10 12 13 15 16 18 19 21 | 21.9
Earth Magic    | 4 5 7 8 9 10 12 14 15 17 18 20 | 20.0
Invocations    | 1 2 3 4 6 7 8 9 10 11 | 11.3
Transmutations | 2 3 4 5 6 7 8 9 11 | 11.3
Spellcasting   | 4 6 8 9 10 11 13 14 15 17 20 | 20.6
Summonings     | 2 5 6 8 11 13 15 16 | 16.6
Stealth        | 5 8 11 | 11.0
Fighting       | 3 5 7 8 |  8.7
Dodging        | 5 8 10 13 | 13.8
Fire Magic     | 2 5 9 14 | 14.7
Air Magic      | 2 5 8 12 | 12.7
Armour         | 2 6 |  6.0

Action                     |  1- 3 |  4- 6 |  7- 9 | 10-12 | 13-15 || total
---------------------------+-------+-------+-------+-------+-------++-------
  Melee: Unarmed           |     1 |       |       |       |       ||     1
         Scimitar          |       |       |     2 |       |       ||     2
   Cast: Sandblast         |    17 |     5 |     1 |       |       ||    23
         Stone Arrow       |     1 |    12 |    14 |    13 |       ||    40
         Lee's Rapid Decon |       |       |    23 |    61 |    76 ||   160
         Iron Shot         |       |       |       |     6 |    49 ||    55
         Spellforged Servi |       |       |       |     3 |    10 ||    13
         Dragon's Call     |       |       |       |     1 |       ||     1
         Plasma Beam       |       |       |       |       |    11 ||    11
         Orb of Destructio |       |       |       |       |     2 ||     2
         Fire Storm        |       |       |       |       |     2 ||     2
 Invoke: Channel Magic     |       |     1 |       |     9 |    18 ||    28
         Divine Exegesis   |       |       |       |     1 |     2 ||     3
    Use: Potion            |       |     2 |     4 |    13 |    17 ||    36
         Scroll            |       |     1 |     1 |     3 |     4 ||     9
 Armour: Robe              |       |       |     9 |       |       ||     9
         Steam dragon scal |       |       |       |       |     6 ||     6
  Dodge: Dodged            |     5 |       |     8 |    19 |    30 ||    62

Table legend: (Time is in decaauts)
 A = Elapsed time spent in this place.
 B = Non-inter-level travel time spent in this place.
 C = Inter-level travel time spent in this place.
 D = Time resting spent in this place.
 E = Time spent auto-exploring this place.
 F = Levels seen in this place.
 G = Mean time per level.
                   A        B        C        D        E       F      G
               +--------+--------+--------+--------+--------+-----+--------+
         Total |   6914 |   6787 |    127 |   4452 |      0 |   1 | 6914.0 |
       Dungeon |   6914 |   6787 |    127 |   4452 |      0 |   1 | 6914.0 |
               +--------+--------+--------+--------+--------+-----+--------+

Top non-repeatable levels by time:
       D: 6914 daAuts
